Map: Ultralove

Players

FalconsSolar (Solar)

  • Race: Zerg Zerg
  • Spawn Location: 1:00

SHIN - Winner!

  • Race: Zerg Zerg
  • Spawn Location: 7:00

Event: DreamHack Dallas 2025

VOD

Have the link to the VOD?

Description

Time

  • Played on: May 25, 2025, 2:38 p.m.
  • Length: 6:16

All games in this series

Show
View Real Time Build Order
Export as new Build Order

FalconsSolar Zerg 

Build Orders: Hatch First, Roach Nydus 

Get SALT Encoding   

  12  0:00  Drone  
  13  0:07  Drone  
  14  0:14  Drone, Extractor  
  15  0:21  Overlord  
  15  0:40  Drone  
  16  0:44  Hatchery  
  16  0:48  Drone  
  16  0:51  Drone  
  16  0:55  Drone  
  18  1:05  Extractor  
  18  1:10  Spawning Pool  
  16  1:13  Drone  
  16  1:17  Drone  
  18  1:26  Drone  
  19  1:37  Drone  
  20  1:51  Drone  
  21  1:56  Queen  
  21  1:57  Queen  
  21  1:58  Zergling x2  
  21  1:59  Overlord  
  26  2:08  Drone  
  27  2:09  Drone  
  28  2:18  Drone  
  28  2:20  Drone  
  30  2:29  Overlord  
  30  2:31  Drone  
  30  2:33  Queen  
  33  2:39  Drone  
  33  2:41  Drone  
  33  2:43  Evolution Chamber  
  33  2:44  Lair  
  33  2:50  Drone  
  34  2:51  Drone  
  34  2:56  Roach Warren  
  34  3:02  Drone  
  34  3:03  Drone  
  34  3:05  Drone x2  
  38  3:07  Extractor  
  38  3:08  Drone  
  38  3:13  Zerg Missile Weapons Level 1  
  38  3:15  Drone  
  38  3:17  Drone  
  40  3:20  Drone  
  40  3:23  Overlord  
  40  3:25  Drone  
  42  3:28  Drone  
  43  3:35  Overlord  
  43  3:36  Drone  
  43  3:38  Extractor  
  43  3:40  Drone  
  44  3:42  Drone x3  
  44  3:44  Glial Reconstitution  
  44  3:46  Overseer  
  44  3:48  Drone  
  48  3:55  Drone  
  48  4:01  Hatchery  
  48  4:02  Overlord  
  48  4:05  Roach  
  48  4:07  Roach  
  52  4:10  Roach  
  52  4:13  Roach  
  56  4:17  Roach x2  
  66  4:24  Roach x3  
  66  4:31  Roach  
  68  4:39  Overseer, Overlord  
  68  4:43  Queen  
  68  4:44  Nydus Network  
  67  4:50  Overlord  
  67  4:55  Overlord  
  67  4:57  Queen  
  67  4:58  Hatchery, Roach  
  70  5:01  Roach  
  70  5:03  Roach  
  70  5:06  Roach  
  76  5:08  Roach  
  76  5:09  Roach  
  81  5:17  Roach x3  
  87  5:25  Nydus Canal  
  87  5:31  Roach x2  
  87  5:33  Overlord  
  90  5:36  Roach  
  90  5:38  Roach  
  92  5:44  Roach  
  92  5:46  Roach  
  92  5:47  Nydus Canal  
  92  5:50  Roach  
  92  5:56  Roach  
Show
View Real Time Build Order
Export as new Build Order

SHIN Zerg - Winner!

Build Orders: Hatch First 

Get SALT Encoding   

  12  0:00  Drone  
  13  0:07  Drone  
  14  0:14  Extractor  
  14  0:15  Drone  
  15  0:35  Hatchery  
  14  0:39  Drone, Extractor  
  15  0:45  Overlord  
  15  0:59  Spawning Pool  
  15  1:04  Drone  
  15  1:07  Drone  
  15  1:11  Drone  
  17  1:15  Drone  
  18  1:25  Drone  
  18  1:30  Extractor  
  18  1:37  Drone  
  19  1:46  Queen x2  
  23  1:47  Drone  
  23  1:50  Drone  
  25  1:57  Overlord  
  25  2:00  Drone  
  27  2:08  Drone x2  
  28  2:19  Drone  
  28  2:20  Drone  
  28  2:22  Queen  
  32  2:29  Overlord  
  32  2:32  Drone  
  33  2:39  Metabolic Boost  
  33  2:40  Drone x2  
  35  2:51  Drone  
  36  2:54  Drone x4, Overlord  
  36  2:56  Drone  
  41  3:01  Drone  
  41  3:04  Evolution Chamber  
  41  3:06  Drone  
  41  3:07  Drone  
  43  3:15  Drone x2  
  43  3:18  Lair  
  45  3:22  Roach Warren  
  44  3:28  Drone  
  44  3:29  Drone x4  
  44  3:32  Overlord  
  49  3:36  Overlord  
  49  3:42  Drone  
  49  3:43  Extractor x2  
  49  3:47  Hatchery  
  47  3:51  Zerg Missile Weapons Level 1  
  47  3:53  Zergling x2  
  47  3:54  Zergling x2  
  49  3:59  Zergling x6  
  52  4:04  Zergling x6  
  52  4:06  Overlord  
  55  4:12  Zergling x2  
  55  4:13  Zergling x4  
  55  4:14  Overlord  
  58  4:19  Glial Reconstitution  
  58  4:22  Overlord  
  58  4:25  Overlord  
  58  4:35  Roach x4  
  66  4:42  Roach x2  
  67  4:50  Roach  
  67  4:51  Overlord  
  69  4:57  Roach x3  
  75  5:01  Roach x2  
  75  5:06  Overlord  
  79  5:09  Roach  
  79  5:12  Roach  
  82  5:15  Roach x3  
  82  5:18  Roach  
  89  5:22  Roach x2  
  89  5:23  Overlord  
  89  5:26  Roach x2  
  95  5:36  Roach x3  
  95  5:41  Roach  
  97  5:43  Roach  
  97  5:45  Roach  
  97  5:47  Overlord  
  101  5:50  Roach  
  101  5:53  Roach  
  101  5:54  Roach  
  105  5:57  Drone x4  
Tags
 
Add a new tag
Caveats
  • Supply blocks, unpowered buildings, or Contaminate may cause inaccurate times.
  • Supply counts are checked every 10 seconds.